 Dungeon Crawl Stone Soup version 0.22.1-2-g9c5b331 (webtiles) character file.

68 Lilu the Skirmisher (level 4, -1/73 HPs)
             Began as an Ogre Berserker on Nov 15, 2018.
             Was a Believer of Trog.
             Slain by a white imp (2 damage)
             ... summoned by Natasha
             ... on level 2 of the Dungeon.
             The game lasted 00:02:59 (1494 turns).

Lilu the Skirmisher (Ogre Berserker)                Turns: 1494, Time: 00:03:00

Health: -1/73      AC:  3    Str: 26    XL:     4   Next: 19%
Magic:  4/4        EV: 10    Int:  8    God:    Trog [**....]
Gold:   31         SH:  0    Dex:  9    Spells: 3/3 levels left

rFire    + . .     SeeInvis .   a - +0 mace
rCold    . . .     Gourm    .   (no shield)
rNeg     . . .     Faith    .   b - +0 animal skin
rPois    .         Spirit   .   (helmet restricted)
rElec    .         Reflect  .   (no cloak)
rCorr    .         Harm     .   (gloves unavailable)
MR       .....                  (boots unavailable)
Stlth    ..........             (no amulet)
HPRegen  0.22/turn              e - ring of protection from fire
MPRegen  0.09/turn              (no ring)

@: berserking, slowed
A: large, unfitting armour, tough skin 1
a: Berserk, Trog's Hand, Renounce Religion


You were on level 2 of the Dungeon.
You worshipped Trog.
Trog was pleased with you.
You were hungry.

You visited 1 branch of the dungeon, and saw 2 of its levels.

You collected 31 gold pieces.

Inventory:

Hand Weapons
 a - a +0 mace (weapon)
Armour
 b - a +0 animal skin (worn)
Jewellery
 e - a ring of protection from fire (left hand)
Scrolls
 d - 2 scrolls of enchant weapon {unknown}
 f - 3 scrolls of teleportation {unknown}
 g - a scroll of amnesia {unknown}
 h - a scroll of identify {unknown}
 i - 2 scrolls of remove curse {unknown}
Potions
 j - a potion of heal wounds {unknown}
 k - a potion of agility {unknown}
 m - a potion of curing {unknown}
 n - a potion of mutation {unknown}
Comestibles
 c - 3 rations
 l - 5 chunks of flesh


   Skills:
 + Level 4.9 Fighting
 + Level 3.4 Maces & Flails
 + Level 3.3 Dodging


You had 3 spell levels left.
You didn't know any spells.
Your spell library was empty.

Dungeon Overview and Level Annotations

Branches:
Dungeon (2/15)

Altars:
The Shining One

Annotations:
D:2 Natasha


Innate Abilities, Weirdness & Mutations

You are too large for most types of armour.
You have tough skin. (AC +1)


Message History

The white imp hits you but does no damage.
Natasha claws you.
* * * LOW HITPOINT WARNING * * *
The white imp barely misses you.
A red film seems to cover your vision as you go berserk!
You feel yourself moving faster!
You feel mighty!
You are feeling hungry.
An adder comes into view.
Natasha mumbles some strange words.
The white imp gestures at you. The puff of frost hits you!
* * * LOW HITPOINT WARNING * * *
Natasha claws you!
* * * LOW HITPOINT WARNING * * *
You miss Natasha.
Natasha is almost dead.
The adder hisses angrily.
The white imp hits you.
* * * LOW HITPOINT WARNING * * *
The white imp freezes you.
You die...

#..###.#..# #........#
#รท.# .### #)## .S.# ##
#####)# ...# ..#
####.....# #..# ....
##....##########5.#.....
...######......5h......#
..........######@.......
########### #5#..###.
#.# .# #%# # #.# #.# #.#
#.#


You could see an iron imp, Natasha, a crimson imp, an adder and a white imp.

Vanquished Creatures
  Natasha (D:2)
  An ooze (D:1)
  7 giant cockroaches
  7 goblins
  7 hobgoblins
  2 kobolds
  4 bats
  A frilled lizard (D:1)
  5 rats (D:1)
35 creatures vanquished.

Notes
Turn   | Place    | Note
-------+----------+-------------------------------------------
     0 | D:1      | Lilu the Ogre Berserker began the quest for the Orb.
     0 | D:1      | Reached XP level 1. HP: 24/24 MP: 1/1
   141 | D:1      | Reached XP level 2. HP: 27/32 MP: 2/2
   286 | D:1      | Found a glowing golden altar of the Shining One.
   687 | D:1      | Reached XP level 3. HP: 26/40 MP: 3/3
  1234 | D:2      | Noticed Natasha
  1239 | D:2      | Killed Natasha
  1239 | D:2      | Reached ** piety under Trog
  1239 | D:2      | Reached XP level 4. HP: 49/49 MP: 4/4
  1478 | D:2      | Noticed Natasha
  1493 | D:2      | HP: 1/73 [Natasha (8)]
  1494 | D:2      | Slain by a white imp

Skill      XL: |  1  2 |
---------------+-------+-----
Dodging        | 3 |  3.3
Maces & Flails | 3 |  3.4
Fighting       | |  4.9

Action                   |  1- 3 |  4- 6 || total
-------------------------+-------+-------++-------
Melee: Mace              |    81 |    33 ||   114
Invok: Berserk           |     1 |     2 ||     3
  Eat: Chunk             |     1 |     3 ||     4
Armor: Animal skin       |    35 |     4 ||    39
Dodge: Dodged            |    64 |    23 ||    87
